Map: Catalyst LE

Players

Wobulator - Winner!

  • Race: Terran Terran
  • League: Master
  • Spawn Location: 5:00

Inferno

  • Race: Protoss Protoss
  • League: Diamond
  • Spawn Location: 11:00

VOD

Have the link to the VOD?

Description

Time

  • Played on: April 15, 2018, 11:53 p.m.
  • Length: 6:07
Show
View Real Time Build Order
Export as new Build Order

Wobulator Terran - Winner!

Build Orders:  

Get SALT Encoding   

  12  0:01  SCV  
  13  0:13  SCV  
  14  0:18  Supply Depot  
  14  0:25  SCV  
  15  0:39  SCV  
  16  0:44  Barracks  
  16  0:51  SCV  
  16  0:56  Refinery  
  17  1:03  SCV  
  18  1:16  SCV  
  19  1:28  SCV  
  20  1:35  Marine  
  21  1:41  Orbital Command  
  21  1:50  Command Center  
  21  2:01  Factory  
  21  2:07  SCV  
  22  2:13  Supply Depot  
  22  2:16  Barracks Reactor  
  22  2:19  SCV  
  23  2:35  SCV  
  23  2:36  Refinery  
  24  2:45  Hellion  
  24  2:47  SCV  
  27  2:53  Marine  
  27  2:54  Marine  
  27  2:55  Starport  
  29  3:00  SCV  
  29  3:02  Orbital Command  
  30  3:06  Hellion  
  30  3:12  Marine x2  
  33  3:22  SCV  
  34  3:28  Hellion  
  34  3:30  Marine x2, SCV  
  39  3:35  SCV  
  39  3:36  Supply Depot  
  39  3:40  Medivac  
  42  3:44  SCV  
  42  3:48  SCV  
  44  3:50  Marine x2  
  46  3:58  Hellion  
  46  3:59  SCV  
  46  4:01  Supply Depot  
  49  4:06  Barracks  
  49  4:07  SCV  
  49  4:09  Marine x2  
  52  4:24  SCV x2  
  52  4:30  Factory Reactor  
  54  4:31  Starport Reactor  
  54  4:33  Command Center  
  54  4:36  SCV x2  
  56  4:44  Supply Depot  
  56  4:45  Marine x2  
  58  4:48  SCV  
  58  4:49  SCV  
  60  5:13  SCV  
  60  5:14  SCV  
  61  5:26  SCV x2  
  63  5:35  Marine x2  
  59  5:36  Barracks Tech Lab  
  59  5:37  Widow Mine x2  
  59  5:38  SCV x2  
  68  5:50  SCV x2  
  68  5:55  Engineering Bay x2  
  70  5:58  Barracks  
  70  5:59  Barracks  
Show
View Real Time Build Order
Export as new Build Order

Inferno Protoss 

Build Orders:  

Get SALT Encoding   

  12  0:00  Probe  
  13  0:12  Probe  
  14  0:17  Pylon  
  14  0:25  Probe  
  15  0:35  Gateway  
  15  0:38  Probe  
  16  0:45  Assimilator  
  16  0:50  Probe  
  17  1:02  Probe  
  18  1:14  Probe  
  19  1:23  Cybernetics Core  
  19  1:29  Probe  
  20  1:41  Probe  
  20  1:45  Nexus  
  21  1:53  Pylon  
  21  1:55  Probe  
  22  2:09  Warp Gate (Chrono Boost), Assimilator  
  22  2:11  Adept  
  24  2:21  Robotics Facility  
  24  2:46  Stalker  
  24  2:48  Probe  
  27  2:57  Probe  
  28  3:05  Probe  
  29  3:09  Observer  
  30  3:16  Probe  
  30  3:17  Probe  
  30  3:19  Stalker  
  34  3:24  Shield Battery  
  32  3:28  Probe  
  32  3:29  Probe  
  32  3:32  Observer  
  35  3:38  Pylon  
  35  3:43  Probe x2, Twilight Council  
  37  3:55  Probe x2  
  39  4:00  Observer  
  40  4:07  Probe x2  
  42  4:14  Gateway  
  42  4:15  Gateway  
  42  4:16  Gateway  
  42  4:20  Assimilator  
  42  4:22  Assimilator  
  42  4:27  Warp Prism  
  42  4:29  Probe  
  42  4:30  Probe  
  46  4:41  Probe  
  46  4:43  Probe  
  48  4:48  Pylon  
  48  4:51  Stalker  
  50  4:55  Probe  
  50  4:56  Probe  
  43  5:20  Pylon x2  
  38  5:22  Zealot x3  
  27  5:34  Pylon, Probe x2  
  19  5:36  Pylon  
  9  5:54  Probe (Chrono Boost)  
Tags
 
Add a new tag
Caveats
  • Supply blocks, unpowered buildings, or Contaminate may cause inaccurate times.
  • Supply counts are checked every 10 seconds.